Oilers vs Nordiques

Created - 5 avril 2018 at 07:59

Goals
1 2 3 T
Oilers 0 0 1 1
Nordiques 0 2 1 3
Shots
1 2 3 T
Oilers 3 13 14 30
Nordiques 9 13 15 37

1st period

No Goal

Penalties :
Aaron Ekblad (EDM) for Roughing (Double Minor) at 8:53

2nd period

1. Nordiques , Alexander Wennberg 27 (Evander Kane 13, Kyle Turris 31) at 14:13
2. Nordiques , Sebastian Aho 21 (Jamie Benn 38, Ryan O'Reilly 43) at 14:43 (PP)

Penalties :
Seth Jones (EDM) for High sticking (Minor) at 14:16

3rd period

3. Nordiques , Luke Glendening 5 (Morgan Rielly 22, Patrik Berglund 22) at 0:52
4. Oilers , Seth Jones 8 (Ryan Johansen 36, Vernon Fiddler 7) at 2:12

Penalties :
Zbynek Michalek (EDM) for Interference (Minor) at 4:30, Ryan Johansen (EDM) for High sticking (Minor) at 17:07

Goalie Stats

Thomas Greiss (EDM), 34 saves from 37 shots - (0,919), L, 33-23-7, 60:00 minutes
Roberto Luongo (QUE), 29 saves from 30 shots - (0,967), W, 36-19-5, 60:00 minutes

Players Stats for Oilers

Player Name              G  A  P  +/- PIM S  H  SB GA TA FO     MP     PP MP  PK MP  
------------------------------------------------------------------------------------
Aaron Ekblad             0  0  0  -1  4   1  3  1  0  1  0/0    16:59   0:00   1:36 
Cameron Gaunce           0  0  0   0  0   0  0  0  0  0  0/0     5:11   0:00   0:00 
Chris Kelly              0  0  0   0  0   0  0  0  0  0  1/1     3:34   0:00   0:25 
Chris Porter             0  0  0   0  0   1  3  0  0  0  0/0    12:14   0:00   0:00 
Corey Perry              0  0  0  -1  0   3  1  0  1  0  1/1    18:34   0:00   1:56 
Jordan Eberle            0  0  0  -1  0   4  0  0  0  0  1/2    17:30   0:00   1:56 
Justin Abdelkader        0  0  0  -1  0   0  3  0  0  0  0/0    16:49   0:00   0:22 
Kyle Quincey             0  0  0   0  0   0  0  0  0  0  0/0    10:03   0:00   0:00 
Marc-Edouard Vlasic      0  0  0   0  0   2  0  2  1  1  0/0    25:27   0:00   4:29 
Marco Scandella          0  0  0  -1  0   1  2  1  0  0  0/0    19:01   0:00   3:37 
Mikael Backlund          0  0  0  -1  0   1  1  1  1  2  4/13   19:35   0:00   4:01 
Nico Hischier            0  0  0   0  0   2  1  0  0  1  1/5    13:35   0:00   1:02 
Pierre-Alexandre Parente 0  0  0  -1  0   3  0  1  1  1  0/0    15:44   0:00   0:00 
Ryan Johansen            0  1  1   0  2   2  0  0  0  1  16/34  23:07   0:00   3:04 
Seth Jones               1  0  1   0  2   5  0  1  0  1  0/0    25:17   0:00   4:20 
Sonny Milano             0  0  0   0  0   3  0  0  0  0  0/0    12:14   0:00   0:00 
Tyler Motte              0  0  0   1  0   1  0  0  0  1  0/0     8:54   0:00   1:46 
Vernon Fiddler           0  1  1   1  0   1  0  0  0  0  2/2     9:24   0:00   2:16 
Vince Dunn               0  0  0   0  0   0  0  0  0  0  0/0     5:43   0:00   0:32 
Zbynek Michalek          0  0  0   0  2   0  0  1  0  1  0/0    12:37   0:00   2:14 

Players Stats for Nordiques

Player Name              G  A  P  +/- PIM S  H  SB GA TA FO     MP     PP MP  PK MP  
------------------------------------------------------------------------------------
Alexander Wennberg       1  0  1   1  0   3  0  0  1  0  0/2    18:34   3:47   0:00 
Connor Brown             0  0  0   0  0   2  0  0  0  1  0/1    13:35   0:47   0:00 
Derek MacKenzie          0  0  0   1  0   1  2  0  0  0  0/0     7:31   0:00   0:00 
Evander Kane             0  1  1   1  0   2  5  0  0  0  0/1    18:29   3:47   0:00 
Jakub Vrana              0  0  0   1  0   4  0  0  1  0  0/0     7:13   0:00   0:00 
Jamie Benn               0  1  1  -1  0   0  4  1  1  0  0/0    20:58   3:50   0:00 
Jared Spurgeon           0  0  0   2  0   2  1  2  1  0  0/0    24:19   4:25   0:00 
Jaromir Jagr             0  0  0   0  0   1  2  0  1  0  1/2    13:29   0:53   0:00 
John-Michael Liles       0  0  0   0  0   0  0  0  0  1  0/0    12:54   0:00   0:00 
Kevin Klein              0  0  0  -1  0   0  1  2  0  0  0/0    22:47   3:59   0:00 
Kyle Turris              0  1  1   1  0   3  1  0  0  0  8/15   18:18   3:47   0:00 
Luke Glendening          1  0  1   1  0   4  2  0  0  0  1/2     7:13   0:00   0:00 
Morgan Rielly            0  1  1   2  0   0  1  2  1  1  0/0    24:19   4:25   0:00 
Patrik Berglund          0  1  1   0  0   4  2  1  2  0  4/7    13:10   0:47   0:00 
Ryan O'Reilly            0  1  1  -1  0   0  0  2  0  0  18/26  20:55   3:50   0:00 
Sebastian Aho            1  0  1  -1  0   5  1  0  0  1  0/2    20:35   3:44   0:00 
Shayne Gostisbehere      0  0  0  -1  0   6  1  1  2  0  0/0    22:47   3:59   0:00 
Tom Gilbert              0  0  0   0  0   0  0  0  0  0  0/0    12:54   0:00   0:00 

3 Stars

1 - Roberto Luongo (QUE)
2 - Luke Glendening (QUE)
3 - Evander Kane (QUE)

Power Play

Oilers - 0 on 0 Attempt(s) - 0,00%
Nordiques - 1 on 5 Attempt(s) - 20,00%

Penalty Kill

Oilers - 4 on 5 Attempt(s) - 80,00% - Score 0 goal in Penalty Kill
Nordiques - 0 on 0 Attempt(s) - 0,00% - Score 0 goal in Penalty Kill

Team Stat

Oilers - Hits : 14 - Faceoff Wins : 26 - Blocked Shots : 8 - Penalty Minutes : 10
Nordiques - Hits : 23 - Faceoff Wins : 32 - Blocked Shots : 11 - Penalty Minutes : 0

Official

Referees : Ghislain Hebert and Graham Skiliter
Linesman : Brad Kovachik and Tim Nowak

Game Notes

No Game Note

Finance

Level 1 -- Attendance: 6000 (100,00%) -- Ticket Income 480 000 $
Level 2 -- Attendance: 5000 (100,00%) -- Ticket Income 250 000 $
Level 3 -- Attendance: 2000 (100,00%) -- Ticket Income 50 000 $
Level 4 -- Attendance: 4000 (100,00%) -- Ticket Income 40 000 $
Luxury Box -- Attendance: 1000 (100,00%) -- Ticket Income 160 000 $
Game was played at the Colisee.
Total Attendance: 18000 (100,00%)
Total Ticket Income: 980 000 $
Other Income: 480 200 $
Total Income: 1 460 200 $

Oilers

5 vs 5 Forward 
   Center                   Left Wing                Right Wing               Time % Phy DF OF 
 1 Ryan Johansen            Justin Abdelkader        Corey Perry              40     1   2  2  
 2 Mikael Backlund          Pierre-Alexandre ParenteaJordan Eberle            30     1   2  2  
 3 Nico Hischier            Sonny Milano             Chris Porter             20     1   2  2  
 4 Vernon Fiddler           Tyler Motte              Ryan Johansen            10     1   2  2  

5 vs 5 Defense 
   Defense                  Defense                                           Time % Phy DF OF 
 1 Marc-Edouard Vlasic      Seth Jones                                        40     1   2  2  
 2 Aaron Ekblad             Marco Scandella                                   30     1   2  2  
 3 Kyle Quincey             Zbynek Michalek                                   20     1   2  2  
 4 Vince Dunn               Cameron Gaunce                                    10     1   2  2  

PowerPlay Forward 
   Center                   Left Wing                Right Wing               Time % Phy DF OF 
 1 Ryan Johansen            Justin Abdelkader        Corey Perry              60     1   2  2  
 2 Mikael Backlund          Pierre-Alexandre ParenteaJordan Eberle            40     1   2  2  

PowerPlay Defense
   Defense                  Defense                                           Time % Phy DF OF 
 1 Marc-Edouard Vlasic      Seth Jones                                        60     1   2  2  
 2 Aaron Ekblad             Marco Scandella                                   40     1   2  2  

Penalty Kill 4 Players Forward 
   Center                   Wing                     Time % Phy DF OF 
 1 Ryan Johansen            Mikael Backlund          60     1   2  2  
 2 Corey Perry              Jordan Eberle            40     1   2  2  

Penalty Kill 4 Players Defense
   Defense                  Defense                  Time % Phy DF OF 
 1 Marc-Edouard Vlasic      Seth Jones               60     1   2  2  
 2 Aaron Ekblad             Marco Scandella          40     1   2  2  

Penalty Kill - 3 Players Forward 
   Forward                                           Time % Phy DF OF 
 1 Ryan Johansen                                     60     1   2  2  
 2 Mikael Backlund                                   40     1   2  2  

Penalty Kill - 3 Players Defense
   Defense                  Defense                  Time % Phy DF OF 
 1 Marc-Edouard Vlasic      Seth Jones               60     1   2  2  
 2 Aaron Ekblad             Marco Scandella          40     1   2  2  

4 vs 4 Forward 
   Center                   Wing                     Time % Phy DF OF 
 1 Ryan Johansen            Mikael Backlund          60     1   2  2  
 2 Corey Perry              Jordan Eberle            40     1   2  2  

4 vs 4 Defense
   Defense                  Defense                  Time % Phy DF OF 
 1 Marc-Edouard Vlasic      Seth Jones               60     1   2  2  
 2 Aaron Ekblad             Marco Scandella          40     1   2  2  

Last Minutes Offensive
   Center                   Left Wing                Right Wing               Defense                  Defense                  
   Ryan Johansen            Justin Abdelkader        Corey Perry              Marc-Edouard Vlasic      Seth Jones               

Last Minutes Defensive
   Center                   Left Wing                Right Wing               Defense                  Defense                  
   Ryan Johansen            Justin Abdelkader        Corey Perry              Marc-Edouard Vlasic      Seth Jones               

Goaltenders
Starting : Thomas Greiss            
Backup : Antti Niemi              

Extra Forwards
Normal : Chris Kelly, Nico Hischier, Vernon Fiddler - PP : Chris Kelly, Nico Hischier - PK : Vernon Fiddler
Extra Defensemen
Normal : Kyle Quincey, Zbynek Michalek, Vince Dunn - PP : Kyle Quincey - PK : Zbynek Michalek, Vince Dunn
Penalty Shots
Ryan Johansen, Mikael Backlund, Corey Perry, Jordan Eberle, Justin Abdelkader
Custom OT Lines Forwards
Ryan Johansen, Mikael Backlund, Corey Perry, Jordan Eberle, Justin Abdelkader, Pierre-Alexandre Parenteau, Nico Hischier, Vernon Fiddler, Sonny Milano, Chris Kelly
Custom OT Lines Defensemen
Marc-Edouard Vlasic, Seth Jones, Aaron Ekblad, Marco Scandella, Kyle Quincey

Scratches
Connor McDavid (Healthy)

Nordiques

5 vs 5 Forward 
   Center                   Left Wing                Right Wing               Time % Phy DF OF 
 1 Ryan O'Reilly            Jamie Benn               Sebastian Aho            35     0   2  3  
 2 Kyle Turris              Evander Kane             Alexander Wennberg       30     0   2  3  
 3 Patrik Berglund          Jaromir Jagr             Connor Brown             25     0   2  3  
 4 Luke Glendening          Derek MacKenzie          Jakub Vrana              10     0   2  3  

5 vs 5 Defense 
   Defense                  Defense                                           Time % Phy DF OF 
 1 Jared Spurgeon           Morgan Rielly                                     38     1   3  1  
 2 Kevin Klein              Shayne Gostisbehere                               37     1   3  1  
 3 Tom Gilbert              John-Michael Liles                                25     1   3  1  
 4 Jared Spurgeon           Morgan Rielly                                     0      1   3  1  

PowerPlay Forward 
   Center                   Left Wing                Right Wing               Time % Phy DF OF 
 1 Ryan O'Reilly            Jamie Benn               Sebastian Aho            51     0   1  4  
 2 Kyle Turris              Evander Kane             Alexander Wennberg       49     0   1  4  

PowerPlay Defense
   Defense                  Defense                                           Time % Phy DF OF 
 1 Jared Spurgeon           Morgan Rielly                                     51     1   2  2  
 2 Kevin Klein              Shayne Gostisbehere                               49     1   2  2  

Penalty Kill 4 Players Forward 
   Center                   Wing                     Time % Phy DF OF 
 1 Ryan O'Reilly            Jamie Benn               50     1   2  2  
 2 Patrik Berglund          Connor Brown             50     1   3  1  

Penalty Kill 4 Players Defense
   Defense                  Defense                  Time % Phy DF OF 
 1 Jared Spurgeon           Morgan Rielly            50     1   3  1  
 2 Kevin Klein              Shayne Gostisbehere      50     1   3  1  

Penalty Kill - 3 Players Forward 
   Forward                                           Time % Phy DF OF 
 1 Ryan O'Reilly                                     50     0   3  2  
 2 Patrik Berglund                                   50     0   3  2  

Penalty Kill - 3 Players Defense
   Defense                  Defense                  Time % Phy DF OF 
 1 Jared Spurgeon           Morgan Rielly            50     1   3  1  
 2 Kevin Klein              Shayne Gostisbehere      50     1   3  1  

4 vs 4 Forward 
   Center                   Wing                     Time % Phy DF OF 
 1 Ryan O'Reilly            Jamie Benn               50     0   2  3  
 2 Kyle Turris              Alexander Wennberg       50     0   2  3  

4 vs 4 Defense
   Defense                  Defense                  Time % Phy DF OF 
 1 Jared Spurgeon           Morgan Rielly            50     1   2  2  
 2 Kevin Klein              Shayne Gostisbehere      50     1   2  2  

Last Minutes Offensive
   Center                   Left Wing                Right Wing               Defense                  Defense                  
   Ryan O'Reilly            Jamie Benn               Sebastian Aho            Jared Spurgeon           Morgan Rielly            

Last Minutes Defensive
   Center                   Left Wing                Right Wing               Defense                  Defense                  
   Ryan O'Reilly            Jamie Benn               Sebastian Aho            Jared Spurgeon           Morgan Rielly            

Goaltenders
Starting : Roberto Luongo           
Backup : Jonathan Bernier         

Extra Forwards
Normal : Ryan O'Reilly, Jamie Benn, Kyle Turris - PP : Jaromir Jagr, Patrik Berglund - PK : Ryan O'Reilly
Extra Defensemen
Normal : Tom Gilbert, John-Michael Liles, Shayne Gostisbehere - PP : Tom Gilbert - PK : Tom Gilbert, John-Michael Liles
Penalty Shots
Jamie Benn, Kyle Turris, Sebastian Aho, Patrik Berglund, Ryan O'Reilly
Custom OT Lines Forwards
Jamie Benn, Ryan O'Reilly, Kyle Turris, Alexander Wennberg, Sebastian Aho, Patrik Berglund, Evander Kane, Jaromir Jagr, Connor Brown, Jakub Vrana
Custom OT Lines Defensemen
Jared Spurgeon, Morgan Rielly, Shayne Gostisbehere, Kevin Klein, Tom Gilbert

Scratches
Andrei Markov (Broken Bone (Left Leg) Injury), Paul Carey (Healthy)

% Time on Ice - Oilers

Lines # - Real PCT - Wanted PCT - Time Play
Normal Forward
1 - 33% - 40% - 17:14
2 - 30% - 30% - 15:34
3 - 24% - 20% - 12:14
4 - 13% - 10% - 6:34
Normal Defense
1 - 41% - 40% - 20:58
2 - 30% - 30% - 15:24
3 - 19% - 20% - 10:03
4 - 10% - 10% - 5:11
PP Forward
1 - 0% - 60%
2 - 0% - 40%
PP Defense
1 - 0% - 60%
2 - 0% - 40%
PK Forward
1 - 77% - 60% - 6:28
2 - 23% - 40% - 1:56
PK Defense
1 - 53% - 60% - 4:29
2 - 47% - 40% - 3:55
PK3 Forward
1 - 0% - 60%
2 - 0% - 40%
PK3 Defense
1 - 0% - 60%
2 - 0% - 40%
44 Forward
1 - 0% - 60%
2 - 0% - 40%
44 Defense
1 - 0% - 60%
2 - 0% - 40%
Last Minute Offensive  - 0:00
Last Minute Defensive  - 0:00
Total
Forward - 60:00
Defense - 60:00

% Time on Ice - Nordiques

Lines # - Real PCT - Wanted PCT - Time Play
Normal Forward
1 - 34% - 35% - 17:29
2 - 28% - 30% - 14:31
3 - 24% - 25% - 12:23
4 - 14% - 10% - 7:13
Normal Defense
1 - 39% - 38% - 19:54
2 - 36% - 37% - 18:48
3 - 25% - 25% - 12:54
4 - 0% - 0% - 0:00
PP Forward
1 - 46% - 51% - 3:50
2 - 54% - 49% - 4:34
PP Defense
1 - 53% - 51% - 4:25
2 - 47% - 49% - 3:59
PK Forward
1 - 0% - 50%
2 - 0% - 50%
PK Defense
1 - 0% - 50%
2 - 0% - 50%
PK3 Forward
1 - 0% - 50%
2 - 0% - 50%
PK3 Defense
1 - 0% - 50%
2 - 0% - 50%
44 Forward
1 - 0% - 50%
2 - 0% - 50%
44 Defense
1 - 0% - 50%
2 - 0% - 50%
Last Minute Offensive  - 0:00
Last Minute Defensive  - 0:00
Total
Forward - 60:00
Defense - 60:00

Play by Play

1st period


0:01 of 1st period - Ryan O'Reilly wins face-off versus Ryan Johansen in neutral zone.
0:18 of 1st period - Ryan O'Reilly is hit by Corey Perry and loses puck.
0:29 of 1st period - Slapshot by Mikael Backlund.
0:29 of 1st period - Deflect By Jordan Eberle.
0:29 of 1st period - Stopped by Roberto Luongo with a rebound.
0:31 of 1st period - Slapshot by Marc-Edouard Vlasic.
0:31 of 1st period - Stopped by Roberto Luongo without a rebound.
0:32 of 1st period - Kyle Turris wins face-off versus Mikael Backlund in Nordiques zone.
0:51 of 1st period - Wrist shot by Kyle Turris.
0:51 of 1st period - Stopped by Thomas Greiss without a rebound.
0:52 of 1st period - Patrik Berglund wins face-off versus Nico Hischier in Oilers zone.
0:53 of 1st period - Slapshot by Connor Brown.
0:53 of 1st period - Shot Blocked by Zbynek Michalek.
1:00 of 1st period - Wrist shot by Patrik Berglund.
1:00 of 1st period - Stopped by Thomas Greiss without a rebound.
1:01 of 1st period - Patrik Berglund wins face-off versus Nico Hischier in Oilers zone.
1:06 of 1st period - Wrist shot by Connor Brown.
1:06 of 1st period - Shot Misses the Net.
1:08 of 1st period - Snap shot by Patrik Berglund.
1:08 of 1st period - Shot Misses the Net.
1:18 of 1st period - Backhand shot by Jaromir Jagr.
1:18 of 1st period - Shot Misses the Net.
1:20 of 1st period - Snap shot by Patrik Berglund.
1:20 of 1st period - Deflect By Kyle Quincey.
1:20 of 1st period - Stopped by Thomas Greiss with a rebound.
1:22 of 1st period - Snap shot by Connor Brown.
1:22 of 1st period - Stopped by Thomas Greiss with a rebound.
2:02 of 1st period - Slapshot by Connor Brown.
2:02 of 1st period - Shot Misses the Net.
2:27 of 1st period - Snap shot by Connor Brown.
2:27 of 1st period - Shot Misses the Net.
3:41 of 1st period - Wrist shot by Patrik Berglund.
3:41 of 1st period - Stopped by Thomas Greiss without a rebound.
3:42 of 1st period - Ryan O'Reilly wins face-off versus Ryan Johansen in Oilers zone.
3:43 of 1st period - Wrist shot by Sebastian Aho.
3:43 of 1st period - Shot Misses the Net.
3:55 of 1st period - Ryan Johansen is hit by Jamie Benn and loses puck.
5:26 of 1st period - Slapshot by Sebastian Aho.
5:26 of 1st period - Stopped by Thomas Greiss with a rebound.
5:28 of 1st period - Wrist shot by Luke Glendening.
5:28 of 1st period - Deflect By Jakub Vrana.
5:28 of 1st period - Shot Misses the Net.
5:28 of 1st period - Puck is out of play.
5:29 of 1st period - Jordan Eberle wins face-off versus Luke Glendening in Oilers zone.
5:38 of 1st period - Snap shot by Jakub Vrana.
5:38 of 1st period - Deflect By Luke Glendening.
5:38 of 1st period - Stopped by Thomas Greiss with a rebound.
6:30 of 1st period - Snap shot by Sebastian Aho.
6:30 of 1st period - Shot Misses the Net.
7:11 of 1st period - Vince Dunn is hit by Evander Kane and loses puck.
8:53 of 1st period - Double Minor Penalty to Aaron Ekblad for Roughing.
8:54 of 1st period - Ryan Johansen wins face-off versus Kyle Turris in Oilers zone.
9:02 of 1st period - Ryan Johansen is hit by Evander Kane.
9:14 of 1st period - Mikael Backlund is hit by Jamie Benn and loses puck.
9:57 of 1st period - Jordan Eberle is hit by Kyle Turris and loses puck.
11:12 of 1st period - Zbynek Michalek is hit by Patrik Berglund and loses puck.
11:20 of 1st period - Icing by Morgan Rielly.
11:21 of 1st period - Corey Perry wins face-off versus Jaromir Jagr in Nordiques zone.
11:24 of 1st period - Snap shot by Corey Perry.
11:24 of 1st period - Shot Misses the Net.
12:53 of 1st period - Penalty to Aaron Ekblad is over, Aaron Ekblad is back on ice.
13:12 of 1st period - Wrist shot by Sonny Milano.
13:12 of 1st period - Stopped by Roberto Luongo without a rebound.
13:13 of 1st period - Patrik Berglund wins face-off versus Ryan Johansen in Nordiques zone.
13:26 of 1st period - John-Michael Liles is hit by Justin Abdelkader and loses puck.
13:39 of 1st period - Pierre-Alexandre Parenteau is hit by Luke Glendening and loses puck.
13:57 of 1st period - Marc-Edouard Vlasic is hit by Derek MacKenzie and loses puck.
14:04 of 1st period - Derek MacKenzie is hit by Mikael Backlund and loses puck.
14:40 of 1st period - Jordan Eberle is hit by Luke Glendening and loses puck.
14:47 of 1st period - Wrist shot by Pierre-Alexandre Parenteau.
14:47 of 1st period - Shot Hit the Post.
15:01 of 1st period - Slapshot by Shayne Gostisbehere.
15:01 of 1st period - Stopped by Thomas Greiss with a rebound.
15:03 of 1st period - Wrist shot by Kevin Klein.
15:03 of 1st period - Deflect By Jakub Vrana.
15:03 of 1st period - Stopped by Thomas Greiss without a rebound.
15:04 of 1st period - Ryan O'Reilly wins face-off versus Ryan Johansen in Oilers zone.
15:23 of 1st period - Aaron Ekblad is hit by Sebastian Aho and loses puck.
16:44 of 1st period - Nico Hischier is hit by Jared Spurgeon and loses puck.
18:55 of 1st period - Justin Abdelkader is hit by Evander Kane and loses puck.
19:06 of 1st period - Seth Jones is hit by Derek MacKenzie and loses puck.
19:31 of 1st period - Wrist shot by Ryan Johansen.
19:31 of 1st period - Deflect By Tyler Motte.
19:31 of 1st period - Shot Blocked by Ryan O'Reilly.
19:31 of 1st period - Puck is out of play.
19:32 of 1st period - Ryan O'Reilly wins face-off versus Ryan Johansen in Nordiques zone.
Goals for this period are 0 for Oilers vs 0 for Nordiques.
Shots for this period are 3 for Oilers vs 9 for Nordiques.

2nd period


0:01 of 2nd period - Ryan O'Reilly wins face-off versus Ryan Johansen in neutral zone.
0:08 of 2nd period - Seth Jones is hit by Jamie Benn and loses puck.
0:31 of 2nd period - Pierre-Alexandre Parenteau is hit by Jaromir Jagr and loses puck.
1:11 of 2nd period - Morgan Rielly is hit by Aaron Ekblad and loses puck.
1:16 of 2nd period - Wrist shot by Aaron Ekblad.
1:16 of 2nd period - Shot Blocked by Morgan Rielly.
1:18 of 2nd period - Wrist shot by Vernon Fiddler.
1:18 of 2nd period - Stopped by Roberto Luongo without a rebound.
1:19 of 2nd period - Mikael Backlund wins face-off versus Ryan O'Reilly in Nordiques zone.
1:26 of 2nd period - Slapshot by Mikael Backlund.
1:26 of 2nd period - Shot Misses the Net.
1:28 of 2nd period - Wrist shot by Mikael Backlund.
1:28 of 2nd period - Shot Hit the Post.
1:32 of 2nd period - Snap shot by Jordan Eberle.
1:32 of 2nd period - Stopped by Roberto Luongo without a rebound.
1:33 of 2nd period - Ryan Johansen wins face-off versus Alexander Wennberg in Nordiques zone.
2:04 of 2nd period - Off-side.
2:05 of 2nd period - Ryan O'Reilly wins face-off versus Mikael Backlund in neutral zone.
2:30 of 2nd period - Shayne Gostisbehere is hit by Aaron Ekblad.
2:34 of 2nd period - Marco Scandella is hit by Evander Kane and loses puck.
3:13 of 2nd period - Wrist shot by Jordan Eberle.
3:13 of 2nd period - Stopped by Roberto Luongo with a rebound.
3:33 of 2nd period - Wrist shot by Jamie Benn.
3:33 of 2nd period - Shot Misses the Net.
3:57 of 2nd period - Slapshot by Corey Perry.
3:57 of 2nd period - Stopped by Roberto Luongo with a rebound.
4:55 of 2nd period - Slapshot by Luke Glendening.
4:55 of 2nd period - Shot Blocked by Seth Jones.
4:57 of 2nd period - Snap shot by Jakub Vrana.
4:57 of 2nd period - Stopped by Thomas Greiss with a rebound.
4:59 of 2nd period - Snap shot by Luke Glendening.
4:59 of 2nd period - Stopped by Thomas Greiss without a rebound.
5:00 of 2nd period - Mikael Backlund wins face-off versus Ryan O'Reilly in Oilers zone.
5:31 of 2nd period - Snap shot by Seth Jones.
5:31 of 2nd period - Stopped by Roberto Luongo without a rebound.
5:32 of 2nd period - Ryan Johansen wins face-off versus Evander Kane in Nordiques zone.
6:19 of 2nd period - Wrist shot by Jaromir Jagr.
6:19 of 2nd period - Stopped by Thomas Greiss without a rebound.
6:20 of 2nd period - Mikael Backlund wins face-off versus Patrik Berglund in Oilers zone.
6:29 of 2nd period - Snap shot by Connor Brown.
6:29 of 2nd period - Stopped by Thomas Greiss with a rebound.
7:02 of 2nd period - Icing by Jamie Benn.
7:03 of 2nd period - Nico Hischier wins face-off versus Kyle Turris in Nordiques zone.
7:21 of 2nd period - Off-side.
7:22 of 2nd period - Ryan Johansen wins face-off versus Ryan O'Reilly in neutral zone.
7:42 of 2nd period - Icing by Corey Perry.
7:43 of 2nd period - Ryan Johansen wins face-off versus Alexander Wennberg in Oilers zone.
7:43 of 2nd period - Ryan Johansen is hit by Kevin Klein.
7:59 of 2nd period - Wrist shot by Corey Perry.
7:59 of 2nd period - Shot Blocked by Kevin Klein.
8:07 of 2nd period - Justin Abdelkader is hit by Shayne Gostisbehere and loses puck.
8:43 of 2nd period - Slapshot by Jordan Eberle.
8:43 of 2nd period - Shot Blocked by Morgan Rielly.
8:52 of 2nd period - Jared Spurgeon is hit by Nico Hischier and loses puck.
9:42 of 2nd period - Snap shot by Connor Brown.
9:42 of 2nd period - Shot Misses the Net.
10:20 of 2nd period - Off-side.
10:21 of 2nd period - Chris Kelly wins face-off versus Kyle Turris in neutral zone.
10:51 of 2nd period - Slapshot by Aaron Ekblad.
10:51 of 2nd period - Shot Blocked by Jared Spurgeon.
10:59 of 2nd period - Snap shot by Mikael Backlund.
10:59 of 2nd period - Shot Misses the Net.
11:01 of 2nd period - Slapshot by Mikael Backlund.
11:01 of 2nd period - Shot Blocked by Jamie Benn.
11:17 of 2nd period - Wrist shot by Nico Hischier.
11:17 of 2nd period - Shot Blocked by Patrik Berglund.
11:35 of 2nd period - Slapshot by Jared Spurgeon.
11:35 of 2nd period - Stopped by Thomas Greiss with a rebound.
11:53 of 2nd period - Snap shot by Jordan Eberle.
11:53 of 2nd period - Deflect By Jared Spurgeon.
11:53 of 2nd period - Shot Misses the Net.
11:53 of 2nd period - Puck is out of play.
11:54 of 2nd period - Kyle Turris wins face-off versus Jordan Eberle in Nordiques zone.
12:11 of 2nd period - Snap shot by Pierre-Alexandre Parenteau.
12:11 of 2nd period - Shot Misses the Net.
12:13 of 2nd period - Snap shot by Jordan Eberle.
12:13 of 2nd period - Deflect By Shayne Gostisbehere.
12:13 of 2nd period - Stopped by Roberto Luongo without a rebound.
12:14 of 2nd period - Ryan Johansen wins face-off versus Ryan O'Reilly in Nordiques zone.
12:15 of 2nd period - Snap shot by Corey Perry.
12:15 of 2nd period - Shot Misses the Net.
12:17 of 2nd period - Slapshot by Seth Jones.
12:17 of 2nd period - Stopped by Roberto Luongo without a rebound.
12:18 of 2nd period - Ryan O'Reilly wins face-off versus Ryan Johansen in Nordiques zone.
12:27 of 2nd period - Wrist shot by Ryan O'Reilly.
12:27 of 2nd period - Deflect By Sebastian Aho.
12:27 of 2nd period - Stopped by Thomas Greiss with a rebound.
12:34 of 2nd period - Off-side.
12:35 of 2nd period - Kyle Turris wins face-off versus Mikael Backlund in neutral zone.
12:40 of 2nd period - Snap shot by Alexander Wennberg.
12:40 of 2nd period - Stopped by Thomas Greiss with a rebound.
12:42 of 2nd period - Snap shot by Shayne Gostisbehere.
12:42 of 2nd period - Stopped by Thomas Greiss with a rebound.
12:44 of 2nd period - Snap shot by Evander Kane.
12:44 of 2nd period - Deflect By Kyle Turris.
12:44 of 2nd period - Shot Blocked by Pierre-Alexandre Parenteau.
12:44 of 2nd period - Puck is out of play.
12:45 of 2nd period - Mikael Backlund wins face-off versus Kyle Turris in Oilers zone.
12:51 of 2nd period - Off-side.
12:52 of 2nd period - Ryan O'Reilly wins face-off versus Ryan Johansen in neutral zone.
13:12 of 2nd period - Shayne Gostisbehere is hit by Justin Abdelkader and loses puck.
13:23 of 2nd period - Snap shot by Nico Hischier.
13:23 of 2nd period - Shot Misses the Net.
13:49 of 2nd period - Wrist shot by Jamie Benn.
13:49 of 2nd period - Shot Misses the Net.
13:51 of 2nd period - Snap shot by Shayne Gostisbehere.
13:51 of 2nd period - Stopped by Thomas Greiss without a rebound.
13:52 of 2nd period - Kyle Turris wins face-off versus Ryan Johansen in Oilers zone.
13:59 of 2nd period - Snap shot by Alexander Wennberg.
13:59 of 2nd period - Stopped by Thomas Greiss without a rebound.
14:00 of 2nd period - Kyle Turris wins face-off versus Ryan Johansen in Oilers zone.
14:09 of 2nd period - Slapshot by Kyle Turris.
14:09 of 2nd period - Shot Blocked by Aaron Ekblad.
14:11 of 2nd period - Slapshot by Evander Kane.
14:11 of 2nd period - Shot Misses the Net.
14:13 of 2nd period - Snap shot by Alexander Wennberg.
14:13 of 2nd period - Goal by Alexander Wennberg - Oilers : 0 - Nordiques : 1.
14:14 of 2nd period - Ryan Johansen wins face-off versus Ryan O'Reilly in neutral zone.
14:16 of 2nd period - Minor Penalty to Seth Jones for High sticking.
14:17 of 2nd period - Ryan O'Reilly wins face-off versus Ryan Johansen in Oilers zone.
14:19 of 2nd period - Snap shot by Jamie Benn.
14:19 of 2nd period - Shot Misses the Net.
14:25 of 2nd period - Snap shot by Ryan Johansen.
14:25 of 2nd period - Stopped by Roberto Luongo with a rebound.
14:27 of 2nd period - Slapshot by Marc-Edouard Vlasic.
14:27 of 2nd period - Shot Blocked by Ryan O'Reilly.
14:29 of 2nd period - Snap shot by Ryan Johansen.
14:29 of 2nd period - Deflect By Mikael Backlund.
14:29 of 2nd period - Shot Misses the Net.
14:29 of 2nd period - Puck is out of play.
14:30 of 2nd period - Ryan O'Reilly wins face-off versus Ryan Johansen in Nordiques zone.
14:35 of 2nd period - Snap shot by Jared Spurgeon.
14:35 of 2nd period - Shot Blocked by Marc-Edouard Vlasic.
14:41 of 2nd period - Wrist shot by Jamie Benn.
14:41 of 2nd period - Shot Misses the Net.
14:43 of 2nd period - Snap shot by Sebastian Aho.
14:43 of 2nd period - Goal by Sebastian Aho - Oilers : 0 - Nordiques : 2.
14:44 of 2nd period - Ryan O'Reilly wins face-off versus Ryan Johansen in neutral zone.
14:59 of 2nd period - Slapshot by Sebastian Aho.
14:59 of 2nd period - Stopped by Thomas Greiss with a rebound.
15:01 of 2nd period - Slapshot by Jamie Benn.
15:01 of 2nd period - Shot Misses the Net.
15:54 of 2nd period - Tom Gilbert is hit by Marco Scandella and loses puck.
16:37 of 2nd period - Snap shot by Sonny Milano.
16:37 of 2nd period - Stopped by Roberto Luongo without a rebound.
16:38 of 2nd period - Kyle Turris wins face-off versus Nico Hischier in Nordiques zone.
16:38 of 2nd period - Kyle Turris is hit by Chris Porter.
17:26 of 2nd period - Snap shot by Mikael Backlund.
17:26 of 2nd period - Shot Misses the Net.
17:28 of 2nd period - Slapshot by Aaron Ekblad.
17:28 of 2nd period - Stopped by Roberto Luongo with a rebound.
17:30 of 2nd period - Slapshot by Marco Scandella.
17:30 of 2nd period - Stopped by Roberto Luongo with a rebound.
17:32 of 2nd period - Snap shot by Pierre-Alexandre Parenteau.
17:32 of 2nd period - Stopped by Roberto Luongo with a rebound.
17:34 of 2nd period - Snap shot by Pierre-Alexandre Parenteau.
17:34 of 2nd period - Stopped by Roberto Luongo without a rebound.
17:35 of 2nd period - Ryan O'Reilly wins face-off versus Ryan Johansen in Nordiques zone.
18:14 of 2nd period - Slapshot by Jakub Vrana.
18:14 of 2nd period - Shot Misses the Net.
18:24 of 2nd period - Justin Abdelkader is hit by Patrik Berglund and loses puck.
18:31 of 2nd period - Wrist shot by Jaromir Jagr.
18:31 of 2nd period - Shot Misses the Net.
18:33 of 2nd period - Wrist shot by Jaromir Jagr.
18:33 of 2nd period - Shot Misses the Net.
19:55 of 2nd period - Snap shot by Ryan O'Reilly.
19:55 of 2nd period - Shot Misses the Net.
Goals for this period are 0 for Oilers vs 2 for Nordiques.
Shots for this period are 13 for Oilers vs 13 for Nordiques.

3rd period


0:01 of 3rd period - Ryan Johansen wins face-off versus Sebastian Aho in neutral zone.
0:50 of 3rd period - Wrist shot by Morgan Rielly.
0:50 of 3rd period - Shot Misses the Net.
0:52 of 3rd period - Wrist shot by Luke Glendening.
0:52 of 3rd period - Goal by Luke Glendening - Oilers : 0 - Nordiques : 3.
0:53 of 3rd period - Ryan O'Reilly wins face-off versus Ryan Johansen in neutral zone.
0:56 of 3rd period - Slapshot by Jamie Benn.
0:56 of 3rd period - Shot Misses the Net.
1:47 of 3rd period - Slapshot by Aaron Ekblad.
1:47 of 3rd period - Shot Blocked by Jared Spurgeon.
2:01 of 3rd period - Connor Brown is hit by Aaron Ekblad and loses puck.
2:06 of 3rd period - Slapshot by Seth Jones.
2:06 of 3rd period - Stopped by Roberto Luongo without a rebound.
2:07 of 3rd period - Vernon Fiddler wins face-off versus Ryan O'Reilly in Nordiques zone.
2:12 of 3rd period - Slapshot by Seth Jones.
2:12 of 3rd period - Goal by Seth Jones - Oilers : 1 - Nordiques : 3.
2:13 of 3rd period - Ryan Johansen wins face-off versus Ryan O'Reilly in neutral zone.
2:16 of 3rd period - Slapshot by Seth Jones.
2:16 of 3rd period - Shot Misses the Net.
2:47 of 3rd period - Snap shot by Evander Kane.
2:47 of 3rd period - Stopped by Thomas Greiss with a rebound.
2:49 of 3rd period - Slapshot by Kevin Klein.
2:49 of 3rd period - Shot Misses the Net.
2:51 of 3rd period - Wrist shot by Kyle Turris.
2:51 of 3rd period - Stopped by Thomas Greiss without a rebound.
2:52 of 3rd period - Ryan Johansen wins face-off versus Connor Brown in Oilers zone.
2:59 of 3rd period - Vince Dunn is hit by Jaromir Jagr and loses puck.
3:04 of 3rd period - Snap shot by Jaromir Jagr.
3:04 of 3rd period - Shot Misses the Net.
3:06 of 3rd period - Slapshot by Jared Spurgeon.
3:06 of 3rd period - Stopped by Thomas Greiss without a rebound.
3:07 of 3rd period - Ryan Johansen wins face-off versus Ryan O'Reilly in Oilers zone.
3:32 of 3rd period - Wrist shot by Nico Hischier.
3:32 of 3rd period - Stopped by Roberto Luongo with a rebound.
4:30 of 3rd period - Minor Penalty to Zbynek Michalek for Interference.
4:31 of 3rd period - Ryan Johansen wins face-off versus Kyle Turris in Oilers zone.
5:10 of 3rd period - Marco Scandella is hit by Morgan Rielly and loses puck.
6:30 of 3rd period - Penalty to Zbynek Michalek is over, Zbynek Michalek is back on ice.
6:51 of 3rd period - Snap shot by Luke Glendening.
6:51 of 3rd period - Stopped by Thomas Greiss without a rebound.
6:52 of 3rd period - Luke Glendening wins face-off versus Nico Hischier in Oilers zone.
6:57 of 3rd period - Slapshot by Jakub Vrana.
6:57 of 3rd period - Stopped by Thomas Greiss with a rebound.
7:03 of 3rd period - Snap shot by Jakub Vrana.
7:03 of 3rd period - Stopped by Thomas Greiss without a rebound.
7:04 of 3rd period - Ryan Johansen wins face-off versus Kyle Turris in Oilers zone.
7:10 of 3rd period - Off-side.
7:11 of 3rd period - Kyle Turris wins face-off versus Ryan Johansen in neutral zone.
9:06 of 3rd period - Jamie Benn is hit by Marco Scandella and loses puck.
9:21 of 3rd period - Backhand shot by Patrik Berglund.
9:21 of 3rd period - Stopped by Thomas Greiss without a rebound.
9:22 of 3rd period - Patrik Berglund wins face-off versus Mikael Backlund in Oilers zone.
9:49 of 3rd period - Snap shot by Corey Perry.
9:49 of 3rd period - Shot Misses the Net.
9:51 of 3rd period - Wrist shot by Corey Perry.
9:51 of 3rd period - Stopped by Roberto Luongo without a rebound.
9:52 of 3rd period - Kyle Turris wins face-off versus Ryan Johansen in Nordiques zone.
9:52 of 3rd period - Kyle Turris is hit by Justin Abdelkader.
10:26 of 3rd period - Wrist shot by Corey Perry.
10:26 of 3rd period - Deflect By Ryan Johansen.
10:26 of 3rd period - Stopped by Roberto Luongo without a rebound.
10:27 of 3rd period - Ryan O'Reilly wins face-off versus Mikael Backlund in Nordiques zone.
10:53 of 3rd period - Morgan Rielly is hit by Chris Porter and loses puck.
11:18 of 3rd period - Slapshot by Evander Kane.
11:18 of 3rd period - Stopped by Thomas Greiss without a rebound.
11:19 of 3rd period - Ryan Johansen wins face-off versus Kyle Turris in Oilers zone.
11:30 of 3rd period - Slapshot by Ryan Johansen.
11:30 of 3rd period - Shot Misses the Net.
11:32 of 3rd period - Slapshot by Tyler Motte.
11:32 of 3rd period - Stopped by Roberto Luongo with a rebound.
11:34 of 3rd period - Slapshot by Marc-Edouard Vlasic.
11:34 of 3rd period - Shot Blocked by Kevin Klein.
11:36 of 3rd period - Slapshot by Vernon Fiddler.
11:36 of 3rd period - Shot Misses the Net.
11:40 of 3rd period - Wrist shot by Marc-Edouard Vlasic.
11:40 of 3rd period - Stopped by Roberto Luongo without a rebound.
11:41 of 3rd period - Ryan O'Reilly wins face-off versus Mikael Backlund in Nordiques zone.
11:45 of 3rd period - Off-side.
11:46 of 3rd period - Ryan O'Reilly wins face-off versus Mikael Backlund in neutral zone.
12:39 of 3rd period - Snap shot by Seth Jones.
12:39 of 3rd period - Stopped by Roberto Luongo without a rebound.
12:40 of 3rd period - Ryan O'Reilly wins face-off versus Mikael Backlund in Nordiques zone.
13:35 of 3rd period - Kevin Klein is hit by Chris Porter and loses puck.
13:52 of 3rd period - Backhand shot by Shayne Gostisbehere.
13:52 of 3rd period - Shot Blocked by Marco Scandella.
13:54 of 3rd period - Snap shot by Derek MacKenzie.
13:54 of 3rd period - Stopped by Thomas Greiss without a rebound.
13:55 of 3rd period - Ryan O'Reilly wins face-off versus Mikael Backlund in Oilers zone.
14:37 of 3rd period - Wrist shot by Sebastian Aho.
14:37 of 3rd period - Stopped by Thomas Greiss without a rebound.
14:38 of 3rd period - Ryan Johansen wins face-off versus Patrik Berglund in Oilers zone.
14:49 of 3rd period - Snap shot by Corey Perry.
14:49 of 3rd period - Shot Misses the Net.
15:03 of 3rd period - Pierre-Alexandre Parenteau is hit by Evander Kane and loses puck.
15:26 of 3rd period - Wrist shot by Sonny Milano.
15:26 of 3rd period - Shot Hit the Post.
15:28 of 3rd period - Snap shot by Chris Porter.
15:28 of 3rd period - Deflect By Nico Hischier.
15:28 of 3rd period - Stopped by Roberto Luongo with a rebound.
15:30 of 3rd period - Slapshot by Sonny Milano.
15:30 of 3rd period - Stopped by Roberto Luongo with a rebound.
15:32 of 3rd period - Snap shot by Chris Porter.
15:32 of 3rd period - Stopped by Roberto Luongo without a rebound.
15:33 of 3rd period - Ryan Johansen wins face-off versus Patrik Berglund in Nordiques zone.
15:34 of 3rd period - Snap shot by Corey Perry.
15:34 of 3rd period - Stopped by Roberto Luongo with a rebound.
15:36 of 3rd period - Wrist shot by Justin Abdelkader.
15:36 of 3rd period - Shot Blocked by Shayne Gostisbehere.
15:58 of 3rd period - Cameron Gaunce is hit by Jamie Benn and loses puck.
16:46 of 3rd period - Backhand shot by Pierre-Alexandre Parenteau.
16:46 of 3rd period - Stopped by Roberto Luongo with a rebound.
16:48 of 3rd period - Slapshot by Marc-Edouard Vlasic.
16:48 of 3rd period - Deflect By Mikael Backlund.
16:48 of 3rd period - Stopped by Roberto Luongo without a rebound.
16:49 of 3rd period - Jaromir Jagr wins face-off versus Ryan Johansen in Nordiques zone.
17:07 of 3rd period - Minor Penalty to Ryan Johansen for High sticking.
17:08 of 3rd period - Vernon Fiddler wins face-off versus Sebastian Aho in Oilers zone.
17:31 of 3rd period - Slapshot by Morgan Rielly.
17:31 of 3rd period - Shot Blocked by Marc-Edouard Vlasic.
17:33 of 3rd period - Wrist shot by Shayne Gostisbehere.
17:33 of 3rd period - Deflect By Seth Jones.
17:33 of 3rd period - Stopped by Thomas Greiss with a rebound.
17:35 of 3rd period - Slapshot by Alexander Wennberg.
17:35 of 3rd period - Shot Blocked by Mikael Backlund.
17:37 of 3rd period - Snap shot by Alexander Wennberg.
17:37 of 3rd period - Shot Misses the Net.
17:39 of 3rd period - Slapshot by Kevin Klein.
17:39 of 3rd period - Shot Hit the Post.
17:41 of 3rd period - Slapshot by Shayne Gostisbehere.
17:41 of 3rd period - Stopped by Thomas Greiss with a rebound.
17:43 of 3rd period - Slapshot by Shayne Gostisbehere.
17:43 of 3rd period - Deflect By Mikael Backlund.
17:43 of 3rd period - Stopped by Thomas Greiss with a rebound.
17:45 of 3rd period - Slapshot by Shayne Gostisbehere.
17:45 of 3rd period - Deflect By Kyle Turris.
17:45 of 3rd period - Stopped by Thomas Greiss with a rebound.
17:59 of 3rd period - Slapshot by Seth Jones.
17:59 of 3rd period - Shot Misses the Net.
19:07 of 3rd period - Penalty to Ryan Johansen is over, Ryan Johansen is back on ice.
Goals for this period are 1 for Oilers vs 1 for Nordiques.
Shots for this period are 14 for Oilers vs 15 for Nordiques.